 Dungeon Crawl Stone Soup version 0.29.0-5-ge4962eb29e (webtiles) character file.

Game seed: 4570174802459656927

3684 greasedhog the Basher (level 10, -4/60 HPs)
             Began as a Gargoyle Fighter on Aug 28, 2022.
             Was a Follower of Qazlal.
             Slain by an unseen horror (6 damage)
             ... on level 7 of the Dungeon.
             The game lasted 00:17:58 (11148 turns).

greasedhog the Basher (Gargoyle Fighter)           Turns: 11148, Time: 00:17:59

Health: -4/60      AC: 18    Str: 23    XL:     10   Next: 13%
Magic:  10/10      EV:  9    Int: 10    God:    Qazlal [*.....]
Gold:   135        SH:  6    Dex:  9    Spells: 9/9 levels left

rFire   . . .      SeeInvis .   j - +0 morningstar
rCold   . . .      Faith    .   c - +0 buckler
rNeg    + . .      Spirit   .   p - +0 chain mail
rPois   ∞          Reflect  .   (no helmet)
rElec   +          Harm     .   (no cloak)
rCorr   .          Rampage  .   h - +0 pair of gloves
Will    .....                   (no boots)
Stlth   ..........              (no amulet)
HPRegen 0.20/turn               (no ring)
MPRegen 0.12/turn               (no ring)

@: no status effects
A: sickness immunity, AC +7, negative energy resistance 1, electricity
resistance, torment resistance 1, petrification resistance
a: Renounce Religion


You were on level 7 of the Dungeon.
You worshipped Qazlal.
Qazlal was aware of your devotion.
You visited 2 branches of the dungeon, and saw 9 of its levels.

You collected 318 gold pieces.
You spent 183 gold pieces at shops.

Inventory:

Hand Weapons
 b - a -2 demon whip
 d - a +0 whip of electrocution
 j - a +0 morningstar (weapon)
 w - a +1 whip of freezing
Armour
 c - a +0 buckler (worn)
 h - a +0 pair of gloves (worn)
 p - a +0 chain mail (worn)
Wands
 a - a wand of digging (4)
Scrolls
 f - a scroll of amnesia
 k - a scroll of silence {unknown}
 l - a scroll of enchant armour
 m - a scroll of brand weapon {unknown}
 n - 4 scrolls of teleportation
 q - a scroll of enchant weapon {unknown}
 s - a scroll of magic mapping {unknown}
 u - a scroll of acquirement {unknown}
 v - a scroll of summoning {unknown}
 y - a scroll of poison
 A - 2 scrolls of blinking {unknown}
 B - 2 scrolls of noise {unknown}
Potions
 e - a potion of lignification {unknown}
 g - 2 potions of haste {unknown}
 i - 2 potions of cancellation {unknown}
 o - 3 potions of ambrosia {unknown}
 r - 2 potions of brilliance
 t - a potion of invisibility {unknown}
 z - a potion of mutation {unknown}
 G - a potion of flight {unknown}


   Skills:
 - Level 6.0 Fighting
 * Level 8.4 Maces & Flails
 - Level 6.0 Armour
 - Level 5.0 Dodging
 * Level 4.5 Shields
 * Level 6.1 Evocations


You had 9 spell levels left.
You didn't know any spells.
Your spell library contained the following spells:

 Spells                   Type           Power      Damage    Failure   Level
 Slow                     Hex            0%         N/A       98%         1
 Blink                    Tloc           0%         N/A       99%         2
 Confusing Touch          Hex            0%         N/A       100%        3
 Vampiric Draining        Necr           0%         2d6       100%        3
 Manifold Assault         Tloc           0%         N/A       100%        5
 Storm Form               Tmut/Air       0%         N/A       100%        7


Dungeon Overview and Level Annotations

Branches:
Dungeon (8/15)             Temple (1/1) D:4
   Lair: D:8-11

Altars:
Cheibriados
Dithmenos
Elyvilon
Fedhas
Gozag
Hepliaklqana
Kikubaaqudgha
Makhleb
Nemelex Xobeh
Okawaru
Qazlal
Ru
Sif Muna
Trog
Uskayaw
Vehumet
Wu Jian
Xom
Yredelemnul
Zin
The Shining One

Shops:
D:4 (   D:5 *   D:7 !


Innate Abilities, Weirdness & Mutations

You are immune to sickness and miasma.
Your stone body is resilient. (AC +7)
You are immune to poison.
You resist negative energy. (rN+)
You are resistant to electric shocks. (rElec)
You are resistant to unholy torment.
You are immune to petrification.


Message History

a +0 plate armour; a +0 morningstar; an orc corpse Something hits you but does no damage.
You see here a +0 trident.
You hit something but do no damage. Something hits you but does no damage.
Aiming: Throw Flame
Press: ? - help, Shift-Dir - straight line The puff of flame hits something but does no damage.
The now-empty wand crumbles to dust.
Something hits you but does no damage. Something hits you!
You closely miss something. Something hits you but does no damage.
Something hits you but does no damage.
Things that are here:
a +0 plate armour; a +0 morningstar; an orc corpse
j - a +0 morningstar Something hits you but does no damage.
Your +1 whip of freezing stops glowing.
j - a +0 morningstar (weapon)
Something hits you but does no damage. Something hits you but does no damage.
You block something's attack. Something hits you.
Something hits you but does no damage. Something hits you but does no damage.
Something hits you.
* * * LOW HITPOINT WARNING * * *
Something hits you.
* * * LOW HITPOINT WARNING * * *
You hit something but do no damage. Something hits you.
* * * LOW HITPOINT WARNING * * *
Something hits you.
* * * LOW HITPOINT WARNING * * *
You miss something. You block something's attack.
Something hits you but does no damage. x2
Something hits you!
* * * LOW HITPOINT WARNING * * *
Something hits you.
* * * LOW HITPOINT WARNING * * *
The air fills with toxic fumes!
As you read the scroll labelled LOJUADAOHE, it crumbles to dust.
It was a scroll of poison.
Something hits you.
You die...

# #[######.#....#
#.#
######....§§#[#[...#
#.#
.....##...#§#.#....#
#.#
......'...'.§§.....#
#.#
.....##...#.#§##...#
#.#
..........'...§§>[)#
#.#
......#...#.#.#§#..#
#.#
#####.......#.#§##§#
#.# #.#######.#§@§.#
#.# #######
#.###########.#
......#
#.............#
#####.#
###############
#####'## .......#
#......# #......#
#......#


There were no monsters in sight!

Vanquished Creatures
  Pikel (D:3)
  3 yaks
  Eustachio (D:5)
  Menkaure (D:5)
  Edmund (D:5)
  A water moccasin (D:7)
  Duvessa (D:5)
  A sky beast (D:7)
  2 orc warriors
  An ogre (D:5)
  A phantom (D:4)
  Blork the orc (D:6)
  4 necrophages
  A bullfrog (D:6)
  A scorpion (D:6)
  Dowan (D:5)
  8 wights (D:7)
  5 killer bees
  2 howler monkeys (D:7)
  A hound (D:4)
  5 orc priests
  Ijyb (D:4)
  Terence (D:2)
  3 iguanas
  4 orc wizards
  6 gnolls
  2 adders
  2 shadow imps
  A white imp (D:7)
  3 worms
  3 dart slugs
  19 orcs
  6 ball pythons
  9 endoplasms
  A giant cockroach (D:4)
  7 goblins
  9 hobgoblins
  10 kobolds
  4 quokkas
  4 bats
  3 frilled lizards
  5 rats
  A spectral goblin (D:3)
147 creatures vanquished.

Vanquished Creatures (others)
  4 toadstools (D:8)
4 creatures vanquished.

Grand Total: 151 creatures vanquished

Notes
Turn   | Place    | Note
-------+----------+-------------------------------------------
     0 | D:1      | greasedhog the Gargoyle Fighter began the quest for the
                  | Orb.
     0 | D:1      | Reached XP level 1. HP: 14/14 MP: 1/1
   421 | D:1      | Reached XP level 2. HP: 13/19 MP: 2/2
  1138 | D:1      | Reached XP level 3. HP: 24/24 MP: 3/3
  1882 | D:2      | Noticed Terence
  1906 | D:2      | Killed Terence
  1907 | D:2      | Reached XP level 4. HP: 12/29 MP: 4/4
  2595 | D:3      | Reached skill level 3 in Maces & Flails
  2957 | D:3      | Found a faded altar of an unknown god.
  2983 | D:3      | Reached XP level 5. HP: 28/34 MP: 5/5
  3319 | D:3      | Identified the +7 sling "Goeleps" {venom, rF++ rC+ Int-5}
  3677 | D:4      | Found a staircase to the Ecumenical Temple.
  3679 | D:4      | Noticed Pikel
  3683 | D:4      | Noticed a lemure
  3683 | D:4      | Noticed a lemure
  3684 | D:4      | Noticed a lemure
  3684 | D:4      | Noticed a lemure
  3694 | D:3      | Killed Pikel
  3695 | D:3      | Reached skill level 5 in Fighting
  3695 | D:3      | Reached skill level 4 in Maces & Flails
  3695 | D:3      | Reached skill level 5 in Armour
  3695 | D:3      | Reached XP level 6. HP: 25/41 MP: 6/6
  3695 | D:3      | Reached XP level 7. HP: 27/45 MP: 7/7
  3707 | D:4      | Noticed Ijyb
  3842 | D:4      | Killed Ijyb
  3852 | Temple   | Entered the Ecumenical Temple
  3899 | Temple   | Became a worshipper of Qazlal Stormbringer
  4041 | D:4      | Found Vuaf's Antique Weapon Boutique.
  4155 | D:4      | Reached skill level 5 in Maces & Flails
  4290 | D:4      | Found a radiant altar of Vehumet.
  4326 | D:4      | Reached skill level 1 in Dodging
  4326 | D:4      | Reached skill level 1 in Evocations
  4703 | D:5      | Entered Level 5 of the Dungeon
  4703 | D:5      | Noticed a yak
  4703 | D:5      | Noticed a yak
  4703 | D:5      | Noticed a yak
  5196 | D:4      | Reached XP level 8. HP: 46/51 MP: 8/8
  5536 | D:5      | Found Qetoan's Lightly-Used Armoury.
  5612 | D:5      | Bought a -2 demon whip for 75 gold pieces
  5708 | D:5      | Noticed Duvessa
  5709 | D:5      | Noticed Dowan
  5725 | D:5      | Killed Duvessa
  5725 | D:5      | Reached * piety under Qazlal
  5738 | D:5      | Killed Dowan
  5958 | D:5      | Killed a yak
  5959 | D:5      | Reached skill level 6 in Maces & Flails
  5990 | D:4      | Killed a yak
  6213 | D:5      | Killed a yak
  6374 | D:5      | Noticed Eustachio
  6415 | D:5      | Killed Eustachio
  6416 | D:5      | Reached XP level 9. HP: 48/55 MP: 9/9
  6454 | D:5      | Noticed Menkaure
  6471 | D:5      | Killed Menkaure
  6734 | D:5      | Reached skill level 7 in Maces & Flails
  6819 | D:5      | Found a basalt altar of Yredelemnul.
  7330 | D:6      | Noticed Edmund
  7377 | D:5      | Killed Edmund
  7611 | D:6      | Noticed Blork the orc
  7627 | D:6      | Killed Blork the orc
  8108 | D:6      | Reached skill level 5 in Evocations
  9003 | D:7      | Reached skill level 5 in Dodging
  9525 | D:7      | Reached skill level 8 in Maces & Flails
  9646 | D:7      | Reached XP level 10. HP: 28/60 MP: 10/10
 10011 | D:7      | Found Hizial Ishra's Distillery.
 10020 | D:7      | Bought a potion of might for 48 gold pieces
 10020 | D:7      | Bought a potion of heal wounds for 60 gold pieces
 10375 | D:8      | Noticed a two-headed ogre
 11147 | D:7      | HP: 3/60 [something (8)]
 11148 | D:7      | Slain by an unseen horror

Illustrated notes

Levels and vault maps discovered:
D:1:      minmay_arrival_open_corners, layout_basic
D:2:      layout_basic, uniq_terence
D:3:      layout_loops_cross, dreamdust_ecumenical_altar_drowned_temple,
          ebering_dispersal_statue_hall, minmay_pentomino_pile
D:4:      layout_basic, kennysheep_mini, minmay_temple_entry_wispy,
          serial_shops, shop, serial_park_tiny_2, uniq_pikel, uniq_ijyb
D:5:      layout_loops_ring, kennysheep_little_box, serial_park_tiny_1,
          minmay_shop_damaged, uniq_menkaure, uniq_eustachio, uniq_duvessa
D:6:      layout_gridville, uniq_edmund, uniq_blork_the_orc
D:7:      layout_basic, serial_shops, nicolae_lakefront_shop
D:8:      cheibrodos_fertilizer, layout_loops_ring, serial_shops, shop
Temple:   hellmonk_temple_of_storms

Skill      XL: |  1  2  3  4  5  6  7  8  9 10 |
---------------+-------------------------------+-----
Armour         | 4 5 6 |  6.0
Fighting       | 4 5 6 |  6.0
Maces & Flails | 3 4 5 6 8 |  8.4
Dodging        | 1 3 5 |  5.0
Evocations     | 1 4 5 6 |  6.1
Shields        | 4 |  4.5

Action                   |  1- 3 |  4- 6 |  7- 9 | 10-12 || total
-------------------------+-------+-------+-------+-------++-------
Melee: Flail             |    18 |    69 |     2 |       ||    89
       Short sword       |   153 |    20 |       |       ||   173
       Whip              |       |       |   191 |    24 ||   215
       Demon whip        |       |       |   431 |    38 ||   469
       Morningstar       |       |       |       |     2 ||     2
 Fire: Sling             |       |    21 |       |       ||    21
Evoke: Wand              |       |       |     4 |     4 ||     8
  Use: Scroll            |     2 |       |     2 |     4 ||     8
       Potion            |       |     1 |     1 |     4 ||     6
Armor: Scale mail        |    89 |    82 |     6 |       ||   177
       Leather armour    |       |       |   185 |     8 ||   193
       Chain mail        |       |       |       |    81 ||    81
Dodge: Dodged            |    80 |    65 |   254 |    17 ||   416
Block: Buckler           |    38 |    21 |    98 |    18 ||   175
